 Dungeon Crawl Stone Soup version 0.20.1-1-g8b1a95d (webtiles) character file.

71 Mimshu the Charlatan (level 4, 0/32 HPs)
             Began as a Demonspawn Artificer on Nov 30, 2017.
             Slain by Robin
             ... wielding a +0 whip
              (5 damage)
             ... on level 2 of the Dungeon.
             The game lasted 00:07:09 (2500 turns).

Mimshu the Charlatan (Demonspawn Artificer)         Turns: 2500, Time: 00:07:10

Health: 0/32       AC:  5    Str: 14    XL:     4   Next: 5%
Magic:  6/6        EV:  8    Int: 12    God:
Gold:   82         SH:  7    Dex: 13    Spells: 3/3 levels left

rFire    . . .     SeeInvis .   u - -3 short sword (curse)
rCold    . . .     Gourm    .   o - +0 shield
rNeg     . . .     Faith    .   r - +0 ring mail
rPois    .         Spirit   .   (no helmet)
rElec    .         Reflect  .   (no cloak)
rCorr    .         Harm     .   (no gloves)
MR       .....                  (no boots)
Stlth    +.........             (no amulet)
Regen    0.1/turn               (no ring)
MPRegen  0.1/turn               (no ring)

@: no status effects
A: claws 1, spiny 1
a: no special abilities


You were on level 2 of the Dungeon.
You were not hungry.

You visited 1 branch of the dungeon, and saw 2 of its levels.

You collected 82 gold pieces.

Inventory:

Hand Weapons
 a - a +0 short sword
 s - a +1 falchion
 u - a cursed -3 short sword (weapon)
Missiles
 l - a throwing net (quivered)
 m - 7 javelins
Armour
 b - a +0 leather armour
 o - a +0 shield (worn)
 p - a cursed +0 robe
 r - a +0 ring mail (worn)
Wands
 c - a wand of flame (15/48)
 d - a wand of enslavement (15/24)
 e - a wand of random effects (15/48)
Scrolls
 g - a scroll of identify
 n - a scroll of recharging
Potions
 i - a potion of curing {unknown}
 k - a potion of flight {unknown}
 q - 2 potions of invisibility {unknown}
Comestibles
 f - 3 bread rations
 h - a royal jelly
 j - 2 meat rations
 t - 3 chunks of flesh


   Skills:
 + Level 1.0 Fighting
 + Level 1.5 Short Blades
 + Level 0.1(0.9) Long Blades
 + Level 1.0 Armour
 + Level 2.2 Dodging
 + Level 1.2 Stealth
 + Level 0.5 Shields
 + Level 3.8 Evocations


You had 3 spell levels left.
You didn't know any spells.

Dungeon Overview and Level Annotations

Branches:
Dungeon (2/15)

Altars:

Annotations:
D:2 Robin


Innate Abilities, Weirdness & Mutations

You have sharp fingernails.
You are partially covered in sharp spines.


Message History

Robin is moderately wounded.
Robin hits you but does no damage.
Your shield and ring mail prevent you from hitting Robin.
Robin is moderately wounded.
Robin hits you with a whip.
You closely miss Robin.
Robin is moderately wounded.
Robin is struck by your spines. Robin hits you with a whip.
* * * LOW HITPOINT WARNING * * *
You completely miss Robin.
Robin is heavily wounded.
Robin is struck by your spines. Robin hits you with a whip.
* * * LOW HITPOINT WARNING * * *
You barely miss Robin.
Robin is severely wounded.
You block Robin's attack.
You closely miss Robin.
Robin is severely wounded.
Robin is struck by your spines. Robin hits you with a whip.
You die...

##...##.# ##.###.#
#.###.###.# #.........#
#####.##### ## #.### #
##.# #.#.## ##
##.#...##########....####.
+......(g@..............'.
##.#...###########.....##.
##.# ####.#.#.## ##
#......#.## #.##.###.#
#.###..>## #.# ##### #.#
#.#


You could see Robin.

Vanquished Creatures
  2 oozes (D:1)
  2 worms (D:2)
  A dart slug (D:2)
  A leopard gecko (D:1)
  A ball python (D:2)
  2 giant cockroaches (D:1)
  13 goblins
  2 hobgoblins (D:1)
  6 jackals
  7 kobolds
  A quokka (D:2)
  4 bats
  4 frilled lizards
  5 rats
51 creatures vanquished.

Notes
Turn   | Place    | Note
-------+----------+-------------------------------------------
     0 | D:1      | Mimshu the Demonspawn Artificer began the quest for the Orb.
     0 | D:1      | Reached XP level 1. HP: 15/15 MP: 3/3
   239 | D:1      | Reached skill level 1 in Short Blades
   303 | D:1      | Reached skill level 1 in Stealth
   303 | D:1      | Gained mutation: You are partially covered in sharp spines. [demonic ancestry]
   303 | D:1      | Reached XP level 2. HP: 18/21 MP: 4/4
  1104 | D:1      | Gained mutation: You have sharp fingernails. [demonic ancestry]
  1104 | D:1      | Reached XP level 3. HP: 17/26 MP: 5/5
  1926 | D:2      | Reached skill level 1 in Armour
  2472 | D:2      | Noticed Robin
  2480 | D:2      | Reached XP level 4. HP: 30/32 MP: 6/6
  2500 | D:2      | Slain by Robin

Skill      XL: |  1  2  3 |
---------------+----------+-----
Short Blades   | 1 |  1.5
Stealth        | 1 |  1.2
Dodging        | 2 |  2.2
Armour         | 1 |  1.0
Fighting       | |  1.0
Long Blades    | |  0.1
Shields        | |  0.5
Evocations     | |  3.8

Action                   |  1- 3 |  4- 6 || total
-------------------------+-------+-------++-------
Melee: Short sword       |   133 |    17 ||   150
       Falchion          |     6 |       ||     6
  Use: Scroll            |     3 |       ||     3
 Stab: Sleeping          |     4 |       ||     4
  Eat: Chunk             |     5 |       ||     5
Armor: Leather armour    |    22 |       ||    22
       Ring mail         |    16 |     4 ||    20
Dodge: Dodged            |    50 |     2 ||    52
Block: Shield            |    26 |     5 ||    31
       Rpst.: Falchion   |     1 |       ||     1
